 Dungeon Sprint DCSS version 0.31-a0-835-g2a3a5bc3be (webtiles) character file.

Game seed: 1758968966201085350

1400 Conn the Arsonist (level 8, -1/51 HPs)
             Began as an Octopode Fire Elementalist on Sept 26, 2023.
             Was an Elder of Sif Muna.
             Slain by a ghost moth (4 damage)
             ... called by a spriggan druid
             ... in the Dungeon (Sprint VII: "The Pits").
             The game lasted 00:10:24 (674 turns).

Conn the Arsonist (Octopode Fire Elementalist)       Turns: 674, Time: 00:10:27

Health: -1/51      AC:  1    Str:  7      XL:     8   Next: 69%
Magic:  17/19      EV: 14    Int: 19 (20) God:    Sif Muna [****..]
Gold:   0          SH:  0    Dex: 12      Spells: 8/22 levels left

rFire   . . .        l - +2 dagger (venom)
rCold   . . .        (no shield)
rNeg    . . .        (helmet restricted)
rPois   .            (no amulet)
rElec   .            (no ring)
rCorr   .            (no ring)
SInv    .            (no ring)
Will    .....        (no ring)
Stlth   ++++         (no ring)
HPRegen 0.28/turn    (no ring)
MPRegen 0.16/turn    (no ring)
                     (no ring)

%: no teleportation
@: very slightly contaminated, invisible
A: almost no armour, amphibious, 8 rings, camouflage 1, gelatinous body 1,
(nimble swimmer 1), tentacles
a: Renounce Religion, Channel Magic, Forget Spell, Divine Exegesis


You were in the Dungeon.
You worshipped Sif Muna.
Sif Muna was greatly pleased with you.
You visited 1 branch

Inventory:

Hand Weapons
 g - a +2 dagger
 l - a +2 dagger of venom (weapon)
Scrolls
 i - 2 scrolls of vulnerability
 j - 5 scrolls of amnesia
Potions
 a - 4 potions of magic
 b - 6 potions of curing
 c - 5 potions of heal wounds


   Skills:
 + Level 2.5 Fighting
 + Level 5.0 Short Blades
 + Level 5.3 Dodging
 - Level 6.0 Stealth
 + Level 7.5 Spellcasting
 * Level 7.3 Conjurations
 - Level 3.0 Hexes
 * Level 4.4 Summonings
 + Level 10.0 Fire Magic
 * Level 4.5 Air Magic
 * Level 4.8 Invocations


You had 8 spell levels left.
You knew the following spells:

 Your Spells              Type           Power      Damage    Failure   Level
a - Foxfire               Conj/Fire      100%       2x1d9     1%          1
b - Scorch                Fire           90%        2d8       1%          2
c - Inner Flame           Hex/Fire       31%        N/A       1%          3
d - Flame Wave            Conj/Fire      40%        2d11      2%          4
e - Summon Lightning Spi  Summ/Air       24%        N/A       16%         4

Your spell library contained the following spells:

 Spells                   Type           Power      Damage    Failure   Level
 Shock                    Conj/Air       100%       1d9       1%          1
 Volatile Blastmotes      Fire/Tloc      52%        2d14      3%          3
 Ensorcelled Hibernation  Hex/Ice        24%        N/A       8%          2
 Cause Fear               Hex            9%         N/A       28%         4
 Summon Mana Viper        Hex/Summ       21%        N/A       50%         5


Dungeon Overview and Level Annotations

Branches:
Dungeon (1/1)

Altars:
Ashenzari
Cheibriados
Dithmenos
Elyvilon
Fedhas
Gozag
Hepliaklqana
Kikubaaqudgha
Makhleb
Nemelex Xobeh
Okawaru
Qazlal
Ru
Sif Muna
Trog
Uskayaw
Vehumet
Wu Jian
Xom
Yredelemnul
Zin
The Shining One
Jiyva
Lugonu


Innate Abilities, Weirdness & Mutations

You cannot wear most types of armour.
You are amphibious.
You can wear up to eight rings at the same time.
Your skin changes colour to match your surroundings (Stealth+).
Your rubbery body absorbs attacks. (AC +1, EV +1)
((You are camouflaged when in or above water. (Stealth+)))
You have tentacles for arms and can constrict up to eight enemies at once.


Message History

Unknown command.
Okay, then.
Unknown command.
Unknown command.
Unknown command.
Sif Muna will no longer gift you books.
The spriggan druid casts a spell.
The spriggan druid is healed somewhat.
Unknown command.
Casting: Scorch (safe; 1% risk of failure)
Confirm with . or Enter, or press ? or * to list all spells.
Flames lash the spriggan druid.
The spriggan druid is burned terribly!
Flame seeps out of the spriggan druid.
The spriggan druid is severely wounded.
You hear a trumpeting!
The spriggan druid is engulfed in blazing flames.
Sif Muna accepts your kill.
The spriggan druid explodes!
The fiery explosion engulfs you!!!
Ouch! That really hurt!
* * * LOW HITPOINT WARNING * * *
The fiery explosion engulfs something!!!
Your Short Blades skill increases to level 5!
Your Dodging skill increases to level 5!
Your Spellcasting skill increases to level 7!
Your Conjurations skill increases to level 7!
Your Summonings skill increases to level 4!
Your Fire Magic skill increases to level 10!
Your Air Magic skill increases to level 4!
Your Invocations skill increases to level 4!
Unknown command.
An elephant comes into view.
You feel much better.
You feel less invigorated. Something hits you!!
* * * LOW HITPOINT WARNING * * *
You feel dopey.
Deactivating autopickup; reactivate with Ctrl-A.
Something hits you!
* * * LOW HITPOINT WARNING * * *
Something stings you.
You die...

##########.##.....
#...........'.....
#'#####'#####.....
#.#..#..)'.##.....
#.#..#...#.#####'#
#.#..#####.##.....
#.#..'...#.##.....
#.#..†.†.'.##.....
#@#††########...<.
#§#..'[))).##.....
#5#..#[.)).##.....
#Y###########.....
#)÷.....#..#######
#.......#†######
#...#...#†#..Y.#
#..###..#'#....#
#...#.)D#)5.Yi.+


You could see an elephant (wandering, unable to see you) and an iron imp
(wandering, unable to see you).

Vanquished Creatures
  A spriggan druid (D)
  2 dream sheep (D)
  A fire bat (D)
  A water moccasin (D)
  An orc warrior (D)
  2 scorpions (D)
  An adder (D)
  2 river rats (D)
  An ufetubus (D)
  4 orcs (D)
  A bat (D)
  A giant cockroach (D)
  A goblin (D)
  A hobgoblin (D)
  6 jackals (D)
  A frilled lizard (D)
  2 rats (D)
29 creatures vanquished.

Vanquished Creatures (others)
  21 foxfires (D)
21 creatures vanquished.

Grand Total: 50 creatures vanquished

Notes
Turn   | Place    | Note
-------+----------+-------------------------------------------
     0 | D        | Conn the Octopode Fire Elementalist began the quest for the
                  | Orb.
     0 | D        | Reached XP level 1. HP: 11/11 MP: 3/3
    13 | D        | Reached skill level 4 in Fire Magic
    64 | D        | Found a glowing golden altar of the Shining One.
    64 | D        | Found a glowing silver altar of Zin.
    64 | D        | Found a basalt altar of Yredelemnul.
    64 | D        | Found a shimmering altar of Xom.
    64 | D        | Found an ornate altar of the Wu Jian Council.
    64 | D        | Found a bloodstained altar of Trog.
    64 | D        | Found a shimmering blue altar of Sif Muna.
    64 | D        | Found a sacrificial altar of Ru.
    64 | D        | Found a stormy altar of Qazlal.
    64 | D        | Found an iron altar of Okawaru.
    64 | D        | Found a sparkling altar of Nemelex Xobeh.
    64 | D        | Found a burning altar of Makhleb.
    64 | D        | Found a viscous altar of Jiyva.
    64 | D        | Found a hazy altar of Hepliaklqana.
    64 | D        | Found an opulent altar of Gozag.
    64 | D        | Found a blossoming altar of Fedhas.
    64 | D        | Found a white marble altar of Elyvilon.
    64 | D        | Found a shadowy altar of Dithmenos.
    64 | D        | Found a snail-covered altar of Cheibriados.
    65 | D        | Found a radiant altar of Vehumet.
    65 | D        | Found a corrupted altar of Lugonu.
    66 | D        | Found an ancient bone altar of Kikubaaqudgha.
    66 | D        | Found a hide-covered altar of Uskayaw.
    66 | D        | Found a broken altar of Ashenzari.
    67 | D        | Became a worshipper of Sif Muna the Loreminder
    86 | D        | Reached XP level 2. HP: 17/17 MP: 3/5
    94 | D        | Learned a level 2 spell: Scorch
   124 | D        | Reached * piety under Sif Muna
   127 | D        | Reached skill level 5 in Fire Magic
   135 | D        | Reached XP level 3. HP: 21/21 MP: 3/7
   136 | D        | Reached ** piety under Sif Muna
   182 | D        | Noticed a scorpion
   183 | D        | Noticed a scorpion
   193 | D        | Killed a scorpion
   194 | D        | Reached skill level 6 in Fire Magic
   194 | D        | Reached XP level 4. HP: 27/27 MP: 0/9
   195 | D        | Killed a scorpion
   196 | D        | Reached skill level 1 in Short Blades
   196 | D        | Reached skill level 5 in Stealth
   196 | D        | Reached skill level 7 in Fire Magic
   196 | D        | Reached XP level 5. HP: 32/32 MP: 0/11
   315 | D        | Learned a level 3 spell: Inner Flame
   320 | D        | Learned a level 4 spell: Flame Wave
   330 | D        | Noticed a water moccasin
   333 | D        | Killed a water moccasin
   334 | D        | Reached skill level 1 in Fighting
   334 | D        | Reached skill level 5 in Spellcasting
   334 | D        | Reached skill level 8 in Fire Magic
   334 | D        | Reached XP level 6. HP: 38/38 MP: 2/14
   335 | D        | Reached *** piety under Sif Muna
   346 | D        | Reached **** piety under Sif Muna
   448 | D        | Noticed an orc warrior
   455 | D        | Killed an orc warrior
   455 | D        | Reached ***** piety under Sif Muna
   455 | D        | Identified Sif Muna's Almanac of Turbulent Maleficia (Sif
                  | Muna gifted it to you in the Dungeon)
   455 | D        | Received a gift from Sif Muna
   456 | D        | Reached skill level 5 in Conjurations
   456 | D        | Reached skill level 9 in Fire Magic
   484 | D        | Learned a level 4 spell: Summon Lightning Spire
   501 | D        | Noticed a fire bat
   513 | D        | Killed a fire bat
   514 | D        | Reached skill level 1 in Hexes
   514 | D        | Reached skill level 1 in Summonings
   514 | D        | Reached skill level 1 in Air Magic
   514 | D        | Reached XP level 7. HP: 44/44 MP: 16/16
   566 | D        | Noticed a dream sheep
   566 | D        | Noticed a dream sheep
   566 | D        | Noticed a dream sheep
   566 | D        | Noticed a spriggan druid
   566 | D        | Noticed a dream sheep
   573 | D        | Killed a dream sheep
   573 | D        | Killed a dream sheep
   574 | D        | Reached XP level 8. HP: 51/51 MP: 4/18
   575 | D        | Noticed a komodo dragon
   577 | D        | Noticed a komodo dragon
   580 | D        | Noticed a swamp dragon
   672 | D        | Killed a spriggan druid
   672 | D        | HP: 1/51 [spore (37)]
   673 | D        | Reached skill level 5 in Short Blades
   673 | D        | Reached skill level 5 in Dodging
   673 | D        | Reached skill level 10 in Fire Magic
   673 | D        | Noticed an elephant
   674 | D        | Slain by a ghost moth

Illustrated notes

Levels and vault maps discovered:
D:        pitsprint [storerooms_1, entrance_room_1, metal_vault_1, armoury_1,
          mini_pit_1, grid_room_1, main_hall_1, silver_pit, the_coven_1,
          the_vestibule_1, steel_vault_1, golden_pit, hallway_of_sentries,
          crystal_vault_2, iron_vault_4, final_vault]

Skill      XL: |  1  2  3  4  5  6  7  8 |
---------------+-------------------------+-----
Stealth        | 3 4 5 6 |  6.0
Fire Magic     | 4 5 6 7 8 9 10 | 10.0
Spellcasting   | 3 4 5 6 7 |  7.5
Dodging        | 3 4 5 |  5.3
Conjurations   | 3 4 6 7 |  7.3
Short Blades   | 1 3 4 5 |  5.0
Fighting       | 1 2 |  2.5
Hexes          | 1 3 |  3.0
Summonings     | 1 3 4 |  4.4
Air Magic      | 1 3 4 |  4.5
Invocations    | 2 3 4 |  4.8

Action                     |  1- 3 |  4- 6 |  7- 9 || total
---------------------------+-------+-------+-------++-------
  Melee: Dagger            |     8 |    31 |       ||    39
         Constrict         |     2 |     7 |       ||     9
         Tentacles         |     1 |     6 |       ||     7
   Cast: Foxfire           |    11 |       |       ||    11
         Scorch            |     1 |     2 |     2 ||     5
         Inner Flame       |       |     1 |     8 ||     9
         Flame Wave        |       |     1 |       ||     1
         Summon Lightning  |       |       |     2 ||     2
 Invoke: Channel Magic     |       |       |     2 ||     2
    Use: Potion            |     1 |     2 |     5 ||     8
         Scroll            |       |       |     2 ||     2
   Stab: Sleeping          |     3 |     2 |       ||     5
 Armour: Skin              |     2 |    15 |     5 ||    22
  Dodge: Dodged            |     3 |    15 |       ||    18

Table legend: (Time is in decaauts)
 A = Elapsed time spent in this place.
 B = Non-inter-level travel time spent in this place.
 C = Inter-level travel time spent in this place.
 D = Time resting spent in this place.
 E = Time spent auto-exploring this place.
 F = Levels seen in this place.
 G = Mean time per level.
                   A        B        C        D        E       F      G
               +--------+--------+--------+--------+--------+-----+--------+
         Total |    687 |    687 |      0 |    316 |      0 |   1 |  687.0 |
       Dungeon |    687 |    687 |      0 |    316 |      0 |   1 |  687.0 |
               +--------+--------+--------+--------+--------+-----+--------+

Top non-repeatable levels by time:
       D: 687 daAuts
